 Dungeon Crawl Stone Soup version 0.16-a0-1703-g5157612 (webtiles) character file.

37748 FishServ the Cruncher (level 13, -6/110 HPs)
             Began as a Naga Fighter on Oct 29, 2014.
             Was an Elder of Yredelemnul.
             Mangled by a flayed ghost (14 damage)
             ... on level 2 of the Abyss on Oct 30, 2014.
             The game lasted 03:05:23 (13986 turns).

FishServ the Cruncher (Naga Fighter)               Turns: 13986, Time: 03:05:23

Health: -6/110     AC: 22    Str: 23      XL:     13   Next: 98%
Magic:  24/24      EV:  9    Int: 11 (13) God:    Yredelemnul [****..]
Gold:   2346       SH:  0    Dex: 11      Spells: 6 memorised, 8 levels left

rFire  . . .     SeeInvis +     a - +7 quarterstaff of Bluuvyin {flame, rN+}
rCold  . . .     Clarity  .     y - +0 chain mail
rNeg   + . .     SustAb   .     (no shield)
rPois  +         Gourm    .     n - +2 helmet
rElec  .         Spirit   .     f - +2 cloak
rCorr  .         Warding  .     Z - +2 pair of gloves {archery}
rMut   .         Stasis   .     (no barding)
MR     +....                    L - amulet of regeneration
Stlth  ..........               t - +3 ring of evasion
                                I - +4 ring of intelligence

@: about to teleport, flayed, repel missiles, very slow, somewhat resistant to
hostile enchantments, extremely unstealthy
A: breathe poison, constrict 1, see invisible, breathe poison, deformed body,
poison resistance, slowness 2, AC +4
a: Breathe Poison Gas, Animate Dead, Recall Undead Slaves, Injury Mirror, Drain
Life, Renounce Religion


You were on level 2 of the Abyss.
You worshipped Yredelemnul.
Yredelemnul was greatly pleased with you.
You were not hungry.

You visited 2 branches of the dungeon, and saw 19 of its levels.
You visited the Abyss 2 times.
You also visited: Sewer, Bailey and Ice Cave.

You collected 2346 gold pieces.

Inventory:

Hand weapons
 a - the +7 quarterstaff of Bluuvyin (weapon) {flame, rN+}
   (You found it on level 5 of the Dungeon)

   It emits flame when wielded, causing extra injury to most foes and up to
   double damage against particularly susceptible opponents.
   It protects you from negative energy.
 b - a +1 blowgun
 D - a +6 lajatang of distortion
 S - a +4 quarterstaff of pain
Missiles
 q - 6 curare-tipped needles
 s - 89 stones (quivered)
 G - 65 poisoned needles
 Q - 26 tomahawks of returning
Armour
 f - a +2 cloak (worn)
 n - a +2 helmet (worn)
 y - a +0 chain mail (worn)
 Z - a +2 pair of gloves of archery (worn)
Rods
 c - a +0 rod of the swarm (14/14)
   (You found it on level 10 of the Dungeon)
Jewellery
 o - an uncursed ring of protection from cold
 p - an uncursed amulet of clarity
 r - a +5 ring of strength
 t - a +3 ring of evasion (right hand)
 z - an uncursed amulet of warding
 I - a +4 ring of intelligence (left hand)
 L - an amulet of regeneration (around neck)
 Y - a +3 ring of protection
Magical devices
 x - a wand of fire (2)
 E - a wand of magic darts (19)
 N - a wand of confusion (13)
 R - a wand of teleportation (1)
 T - a wand of digging (11)
Scrolls
 g - 2 scrolls of fog
 h - 4 scrolls of remove curse
 u - a scroll of holy word {unknown}
 v - 3 scrolls of blinking
 M - a scroll of vulnerability {unknown}
 P - 3 scrolls of fear
 W - a scroll of summoning
Potions
 e - 4 potions of brilliance
 k - 2 potions of curing
 m - 6 potions of restore abilities
 A - 2 potions of resistance
 B - a potion of cancellation
 J - 4 potions of haste
 O - 2 potions of poison {unknown}
 U - a potion of magic {unknown}
Books
 X - a book of Battle

   Spells                             Type                      Level
   Infusion                           Charms                       1
   Shroud of Golubria                 Charms/Translocation         2
   Song of Slaying                    Charms                       2
   *Spectral Weapon                   Hexes/Charms                 3
   *Regeneration                      Charms/Necromancy            3
Miscellaneous
 V - a plain deck of destruction {drawn: 2}
Comestibles
 d - 15 bread rations
 i - 9 meat rations
 w - 7 beef jerkies
 C - 9 fruits


   Skills:
 - Level 5.5 Fighting
 - Level 6.2(11.0) Maces & Flails
 - Level 13.7(14.2) Staves
 - Level 10.2 Armour
 + Level 5.3 Dodging
   Level 2.7 Shields
 - Level 4.3 Spellcasting
 + Level 6.2 Charms
 - Level 3.4 Summonings
 - Level 6.0 Translocations
 - Level 4.2 Invocations


You had 8 spell levels left.
You knew the following spells:

 Your Spells              Type           Power        Failure   Level  Hunger
a - Apportation           Tloc           ###.......   12%         1    #......
b - Blink                 Tloc           N/A          14%         2    ##.....
c - Summon Small Mammal   Summ           #...         28%         1    #......
d - Repel Missiles        Chrm/Air       #.....       52%         2    ##.....
e - Regeneration          Chrm/Necr      #.........   88%         3    ###....
f - Spectral Weapon       Hex/Chrm       #.......     88%         3    ###....


Dungeon Overview and Level Annotations

Branches:
Dungeon (11/15)            Temple (0/1) D:5            Lair (8/8) D:11
 Shoals (0/5) Lair:6       Spider (0/5) Lair:3
    Orc: D:9-12       Slime: Lair:6-8

Altars:
Cheibriados
Dithmenos
Gozag
Okawaru
Ru
Sif Muna
Trog
Xom
Yredelemnul
Zin
Beogh

Shops:
D:8 [(

Annotations:
D:6 2 exclusions, alex's ghost, experienced TrBe
Lair:4 tele
Lair:5 books
Lair:7 exclusion: oklob plant


Innate Abilities, Weirdness & Mutations

You cannot wear boots.
You can use your snake-like lower body to constrict enemies.
Your serpentine skin is tough (AC +4).
You have supernaturally acute eyesight.
Armour fits poorly on your strangely shaped body.
Your system is resistant to poisons.
You cover ground very slowly.
You can exhale a cloud of poison.


Message History

You closely miss the flayed ghost.
The flayed ghost is severely damaged.
The flayed ghost cries, "Feel what I felt!"
The spatial vortex moves out of view.
You hit the flayed ghost. You burn the flayed ghost.
The flayed ghost is almost destroyed. 2 spatial vortices come into view.
You barely miss the flayed ghost.
The flayed ghost is almost destroyed.
The spatial maelstrom hits you.
* * * LOW HITPOINT WARNING * * *
Space bends around you.
* * * LOW HITPOINT WARNING * * *
The spatial maelstrom hits you.
* * * LOW HITPOINT WARNING * * *
Space warps horribly around you!
* * * LOW HITPOINT WARNING * * *
The flayed ghost hits you!
You die...
Your body rises from the dead as a mindless zombie.

## ..##
#.......#..
####...##..#....#
.... .....
#....##
#.#....Z#....#
.#.# ...# .#.. .
##..# # .. ###
###Z#.#
.#....###.#.##v##
.###.
.......#v### #
##..#..###.@#.#
#. ...#.# #vvW##
##.#.#. # #..#.#
###.### .v#.#.# #
. .### ยง v.. .
.. .# #. #.# #. .
.# # #


You could see a spatial maelstrom, a flayed ghost, 5 spatial vortices and a
four-headed hydra skeleton.

Vanquished Creatures
  2 ice dragons (IceCv)
  5 hydras
  10 death yaks (Lair:8)
  A catoblepas (Lair:8)
  Erolcha (D:9)
  2 ice statues (IceCv)
  2 orc knights
  A hill giant (D:10)
  A siren (Lair:6)
  7 spiny frogs
  5 komodo dragons
  A hellwing (Abyss:1)
  A fire drake (Lair:5)
  4 ancient zymes (Abyss:1)
  A polar bear (Lair:4)
  Sonja (D:10)
  3 blink frogs (Lair:7)
  A troll (D:11)
  A raiju (Abyss:1)
  A spriggan (D:8)
  5 small abominations
  11 yaks
  2 basilisks
  A wyvern (Lair:6)
  3 large abominations
  A hungry ghost (D:9)
  3 hippogriffs
  A deep elf fighter (D:11)
  A necrophage (D:9)
  10 water moccasins
  15 orc warriors
  A porcupine (Lair:2)
  20 ice beasts
  3 phantoms
  A sky beast (D:7)
  6 ogres
  2 black bears
  4 centaurs
  8 crocodiles
  A manticore skeleton (D:11)
  A boring beetle (Lair:4)
  A big kobold (Sewer)
  A brain worm (Abyss:1)
  13 giant frogs
  A scorpion (D:8)
  4 wights
  4 crimson imps
  A goliath beetle (D:7)
  An electric eel (D:10)
  A yellow wasp zombie (D:9)
  4 jellies
  A centaur zombie (D:9)
  A giant frog zombie (D:8)
  7 iguanas
  7 hounds
  An iron imp (Abyss:1)
  5 orc priests
  7 orc wizards
  5 worker ants
  7 sheep
  Jessica (D:2)
  A crocodile zombie (D:10)
  An ogre skeleton (D:7)
  13 adders
  An orc zombie (D:10)
  10 gnolls
  38 green rats
  A giant mite (D:3)
  A white imp (Abyss:1)
  2 shadow imps
  2 worms
  3 ufetubi
  An adder skeleton (D:9)
  3 giant geckos
  An ooze (D:2)
  67 orcs
  4 ball pythons
  3 giant cockroaches
  10 goblins
  9 hobgoblins
  10 jackals
  24 kobolds
  7 quokkas
  13 bats
  A giant newt (D:6)
  A jackal zombie (D:5)
  A quokka skeleton (D:7)
  30 rats
  8 ballistomycetes (D:11)
  A fungus (D:11)
  2 plants
493 creatures vanquished.

Vanquished Creatures (collateral kills)
  3 death yaks (Lair:8)
  2 catoblepae (Lair:8)
  2 black mambas (Lair:3)
  Joseph (D:9)
  3 spiny frogs
  A torpor snail (Lair:3)
  2 komodo dragons
  A blink frog (Lair:7)
  4 yaks
  A deep elf mage (D:10)
  2 crocodiles
  3 giant frogs
  A hound (Lair:2)
  An orc priest (D:6)
  A crocodile zombie (Lair:1)
  3 sheep (Lair:3)
  2 adders
  A shadow imp (D:11)
  23 green rats
  A giant gecko (D:6)
  6 orcs
  A goblin (Bailey)
  4 bats
  A kobold zombie (D:7)
  A rat zombie (D:6)
  A ballistomycete (D:11)
  A butterfly (Lair:2)
  2 fungi
  A plant (Lair:8)
76 creatures vanquished.

Vanquished Creatures (others)
  5 death yak zombies (Lair:8)
  3 flying skulls
  2 black mamba zombies (Lair:3)
  A spiny frog zombie (Lair:8)
  4 water moccasin zombies
  2 yak zombies
  A hippogriff zombie (Lair:8)
  3 wights
  An elf zombie (D:10)
  2 giant frog zombies
  A basilisk zombie (Lair:8)
  An ogre zombie (D:9)
  A hound skeleton (D:6)
  A worker ant zombie (D:6)
  A sheep zombie (Lair:3)
  An iguana zombie (Lair:5)
  2 adder zombies
  2 bat zombies (D:11)
  5 green rat zombies
  3 bats
  A giant gecko zombie (D:6)
  2 giant spores (D:11)
  A hobgoblin zombie (D:8)
  A jackal zombie (D:10)
  A kobold skeleton (Bailey)
  2 kobold zombies (Bailey)
  A lurking horror (Abyss:1)
  An orc skeleton (D:6)
  9 orc zombies
  A rat skeleton (D:10)
  6 rat zombies
  A fungus (Lair:8)
  A plant (Lair:8)
70 creatures vanquished.

Grand Total: 639 creatures vanquished

Notes
Turn   | Place    | Note
--------------------------------------------------------------
     0 | D:1      | FishServ, the Naga Fighter, began the quest for the Orb.
     0 | D:1      | Reached XP level 1. HP: 21/21 MP: 1/1
   347 | D:1      | Reached XP level 2. HP: 25/28 MP: 2/2
   777 | D:2      | Reached XP level 3. HP: 29/34 MP: 3/3
   809 | D:2      | Noticed Jessica
   811 | D:2      | Killed Jessica
   823 | D:2      | Reached skill level 4 in Maces & Flails
  1000 | D:2      | Reached XP level 4. HP: 42/42 MP: 4/4
  1154 | D:3      | Found a glowing drain.
  1286 | Sewer    | Entered a sewer
  1450 | Sewer    | Noticed a big kobold
  1482 | Sewer    | Killed a big kobold
  1482 | Sewer    | Reached skill level 5 in Maces & Flails
  1482 | Sewer    | Reached XP level 5. HP: 39/49 MP: 5/5
  1528 | Sewer    | Found a glowing silver altar of Zin.
  1889 | D:4      | Found a basalt altar of Yredelemnul.
  1898 | D:4      | Reached skill level 6 in Maces & Flails
  1931 | D:4      | Became a worshipper of Yredelemnul the Dark
  1954 | D:4      | Was placed under penance by Yredelemnul
  1966 | D:4      | Was forgiven by Yredelemnul
  2062 | D:4      | Reached XP level 6. HP: 49/56 MP: 6/6
  2181 | D:4      | Found an iron altar of Okawaru.
  2181 | D:4      | Found a bloodstained altar of Trog.
  2233 | D:5      | Entered Level 5 of the Dungeon
  2267 | D:5      | Got an ichor-stained quarterstaff
  2276 | D:5      | Identified the +7 quarterstaff of Bluuvyin {flame, rN+} (You found it on level 5 of the Dungeon)
  2416 | D:5      | Reached skill level 1 in Staves
  2458 | D:5      | Found a sacrificial altar of Ru.
  2468 | D:5      | Found an opulent altar of Gozag.
  2469 | D:5      | Found a snail-covered altar of Cheibriados.
  2469 | D:5      | Found a shadowy altar of Dithmenos.
  2470 | D:5      | Found a glowing silver altar of Zin.
  2472 | D:5      | Found a deep blue altar of Sif Muna.
  2560 | D:5      | Reached XP level 7. HP: 62/62 MP: 7/7
  2933 | D:5      | Reached skill level 5 in Staves
  2952 | D:5      | Found a staircase to the Ecumenical Temple.
  2963 | D:5      | Acquired Yredelemnul's first power
  3153 | D:6      | Found a glowing silver altar of Zin.
  3153 | D:6      | Noticed an angel
  3158 | D:6      | Noticed alex's ghost (experienced TrBe)
  3218 | D:6      | Reached XP level 8. HP: 69/69 MP: 8/8
  3343 | D:6      | Reached skill level 7 in Staves
  3567 | D:6      | Acquired Yredelemnul's second power
  3593 | D:6      | Reached skill level 8 in Staves
  3804 | D:7      | Reached skill level 9 in Staves
  4076 | D:7      | Reached XP level 9. HP: 75/75 MP: 9/9
  4279 | D:7      | Learned a level 1 spell: Apportation
  4282 | D:7      | Learned a level 2 spell: Blink
  4290 | D:7      | Learned a level 1 spell: Summon Small Mammal
  4367 | D:8      | Found Kuaf's Weapon Boutique.
  4430 | D:8      | Reached skill level 10 in Staves
  4566 | D:8      | Reached skill level 1 in Summonings
  4678 | D:8      | Found a bloodstained altar of Trog.
  4742 | D:8      | Found Lays' Antique Armour Shoppe.
  4861 | D:8      | Found a shimmering altar of Xom.
  5224 | D:9      | Noticed Erolcha
  5228 | D:9      | Cast into the Abyss (Erolcha)
  5263 | Abyss:1  | Reached skill level 11 in Staves
  5273 | D:9      | Escaped the Abyss
  5292 | D:9      | Killed Erolcha
  5292 | D:9      | Reached XP level 10. HP: 35/84 MP: 10/10
  5448 | D:9      | Noticed Joseph
  5459 | D:9      | Your ally Erolcha died
  5465 | D:9      | Killed Joseph
  5564 | D:9      | Found a flagged portal.
  5583 | Bailey   | Entered a bailey
  5746 | Bailey   | Noticed an orc knight
  5759 | Bailey   | Killed an orc knight
  5759 | Bailey   | Reached skill level 12 in Staves
  5769 | Bailey   | Found a burning altar of Makhleb.
  6149 | D:10     | Entered Level 10 of the Dungeon
  6205 | D:10     | Identified a +0 rod of the swarm (14/14) (You found it on level 10 of the Dungeon)
  6426 | D:10     | Got an iridescent mace
  6431 | D:10     | Identified the +9 mace of Kuqufiu {drain, rC+} (You found it on level 10 of the Dungeon)
  6577 | D:10     | Noticed a hill giant
  6590 | D:10     | Killed a hill giant
  6716 | D:10     | Noticed Sonja
  6727 | D:10     | Killed Sonja
  7064 | D:11     | Reached skill level 13 in Staves
  7064 | D:11     | Reached skill level 5 in Armour
  7107 | D:11     | Gained mutation: You can exhale a cloud of poison. [potion of beneficial mutation]
  7146 | D:11     | Acquired Yredelemnul's third power
  7149 | D:11     | Reached XP level 11. HP: 86/90 MP: 11/11
  7423 | D:11     | Noticed an orc knight
  7447 | D:11     | Killed an orc knight
  7658 | D:11     | Received a gift from Yredelemnul
  7781 | D:11     | Found a roughly hewn altar of Beogh.
  7808 | D:11     | Acquired Yredelemnul's fourth power
  7823 | D:11     | Reached skill level 1 in Invocations
  8010 | D:11     | Found a staircase to the Lair.
  8035 | Lair:1   | Entered Level 1 of the Lair of Beasts
  8095 | Lair:1   | Noticed a seven-headed hydra
  8102 | Lair:1   | Killed a seven-headed hydra
  8491 | Lair:1   | Noticed a six-headed hydra
  8505 | Lair:1   | Killed a six-headed hydra
  8505 | Lair:1   | Reached skill level 1 in Translocations
  8738 | Lair:2   | Received a gift from Yredelemnul
  8828 | Lair:2   | Got an ancient ring mail
  8839 | Lair:2   | Identified the cursed -1 ring mail of Blamia {rPois SInv} (You found it on level 2 of the Lair of Beasts)
  8872 | Lair:2   | Learned a level 2 spell: Repel Missiles
  8896 | Lair:2   | Received a gift from Yredelemnul
  9010 | Lair:2   | Received a gift from Yredelemnul
  9274 | Lair:3   | Noticed a six-headed hydra
  9281 | Lair:3   | Killed a six-headed hydra
  9281 | Lair:3   | Reached XP level 12. HP: 42/97 MP: 19/19
  9544 | Lair:3   | Noticed a seven-headed hydra
  9555 | Lair:3   | Killed a seven-headed hydra
  9604 | Lair:3   | Found a hole to the Spider Nest.
 10590 | Lair:4   | Reached skill level 5 in Translocations
 10718 | Lair:5   | Found a frozen archway.
 10819 | IceCv    | Entered an ice cave
 11199 | IceCv    | Noticed an ice dragon
 11213 | IceCv    | Noticed an ice dragon
 11215 | IceCv    | Killed an ice dragon
 11215 | IceCv    | Reached skill level 10 in Armour
 11215 | IceCv    | Reached skill level 1 in Spellcasting
 11225 | IceCv    | Killed an ice dragon
 11668 | Lair:6   | Reached XP level 13. HP: 101/105 MP: 20/20
 11734 | Lair:6   | Found a staircase to the Shoals.
 11817 | Lair:6   | Received a gift from Yredelemnul
 11823 | Lair:6   | Learned a level 3 spell: Regeneration
 11827 | Lair:6   | Learned a level 3 spell: Spectral Weapon
 11833 | Lair:6   | Noticed a death yak
 12068 | Lair:7   | Reached skill level 5 in Fighting
 12515 | Lair:8   | Entered Level 8 of the Lair of Beasts
 12674 | Lair:8   | Reached skill level 1 in Charms
 12689 | Lair:8   | Reached skill level 1 in Dodging
 12949 | Lair:8   | Received a gift from Yredelemnul
 13000 | Lair:8   | Reached skill level 5 in Charms
 13230 | Lair:8   | Cast into the Abyss (a distortion unwield)
 13234 | Abyss:1  | Found a corrupted altar of Lugonu.
 13283 | Abyss:1  | Noticed a lich
 13568 | Abyss:1  | Reached skill level 5 in Dodging
 13777 | Abyss:2  | Found a corrupted altar of Lugonu.
 13986 | Abyss:2  | Mangled by a flayed ghost

Action                   |  1- 3 |  4- 6 |  7- 9 | 10-12 | 13-15 || total
-------------------------+-------+-------+-------+-------+-------++-------
Melee: Flail             |    54 |    48 |       |       |       ||   102
       Unarmed           |       |     3 |       |       |       ||     3
       Quarterstaff      |       |    24 |   203 |   626 |   271 ||  1124
       Lajatang          |       |       |       |       |     5 ||     5
 Fire: Blowgun           |       |    48 |    15 |    18 |     3 ||    84
Throw: Stone             |     3 |    14 |     8 |     2 |       ||    27
       Tomahawk          |       |       |     2 |     1 |       ||     3
       Throwing net      |       |       |       |     1 |       ||     1
 Cast: Apportation       |       |       |     2 |       |     5 ||     7
       Summon Small Mamm |       |       |     1 |     1 |     1 ||     3
       Blink             |       |       |       |       |     8 ||     8
       Repel Missiles    |       |       |       |       |     1 ||     1
Invok: Animate Remains   |       |       |    23 |    25 |       ||    48
       Injury Mirror     |       |       |     1 |     8 |       ||     9
       Animate Dead      |       |       |       |    33 |    22 ||    55
 Abil: Spit Poison       |    15 |    47 |    45 |    20 |       ||   127
       Breathe Poison Ga |       |       |       |    33 |    19 ||    52
Evoke: Wand              |       |       |     3 |    13 |     5 ||    21
       Deck              |       |       |       |     2 |       ||     2
  Use: Scroll            |     7 |     4 |     4 |    17 |    10 ||    42
       Potion            |       |     1 |     5 |     9 |     5 ||    20
 Stab: Invisible         |       |       |     1 |       |       ||     1
       Distracted        |       |       |     2 |     4 |     2 ||     8
  Eat: Chunk             |     1 |     8 |    13 |    32 |     9 ||    63
       Pizza             |       |       |       |     1 |     3 ||     4
       Beef jerky        |       |       |       |       |     1 ||     1
